[ AOE2 MATCH · #478466862 ]
UnrankedSpanish vs Dravidians
Player's team · LOSS
[ REPLAY ANALYSIS · EXTRACTED FROM THE RECORDED GAME ]
Feudal
10:19
Castle
24:50
Imperial
—
| APM avg | 25.1 |
| APM peak | 57 |
| eAPM avg | 15.1 |
| Villagers / military | 117 / 105 |
Focus
⚔️ 30.0% · 🌾 70.0%
Skirmisher ×56 · Archer ×22 · Conquistador ×13 · Knight ×6 · Spearman ×5 · Scout Cavalry ×3
Feudal
10:34
Castle
20:23
Imperial
35:12
| APM avg | 14.0 |
| APM peak | 29 |
| eAPM avg | 12.1 |
| Villagers / military | 123 / 94 |
Focus
⚔️ 33.7% · 🌾 66.3%
Spearman ×38 · Archer ×23 · Elephant Archer ×16 · Urumi Swordsman ×10 · Trebuchet (Packed) ×7
Match map
Initial resources + every placement click. Lines = walls · curves = elevation contours. ◆ gold · ⬟ stone · ● berries · ✦ relic · ◌ wall gap
Your base· Open — unwalled flank
XxjesulizxX's base· Open — unwalled flank
Smoothed initial terrain · ◌ = detected wall gap · hover for details
Inputs per minute
— Kökük - - XxjesulizxX
Build order — Kökük
First 150 of 352 actions detected
| 0:00 | Create | Villager (Male) |
| 0:01 | Create | Villager (Male) |
| 0:01 | Create | Villager (Male) |
| 0:02 | Build | House |
| 0:05 | Build | House |
| 0:26 | Create | Villager (Male) |
| 0:26 | Create | Villager (Male) |
| 1:24 | Create | Villager (Male) |
| 2:03 | Create | Villager (Male) |
| 2:03 | Create | Villager (Male) |
| 2:31 | Create | Villager (Male) |
| 2:31 | Create | Villager (Male) |
| 2:41 | Build | Lumber Camp |
| 3:01 | Create | Villager (Male) |
| 3:02 | Create | Villager (Male) |
| 3:02 | Create | Villager (Male) |
| 3:28 | Build | House |
| 3:48 | Build | House |
| 4:18 | Create | Villager (Male) |
| 4:18 | Create | Villager (Male) |
| 4:28 | Build | Mill |
| 4:58 | Create | Villager (Male) |
| 5:40 | Create | Villager (Male) |
| 5:40 | Create | Villager (Male) |
| 5:41 | Create | Villager (Male) |
| 6:44 | Create | Villager (Male) |
| 6:44 | Create | Villager (Male) |
| 6:48 | Research | Loom |
| 7:15 | Build | Mill |
| 7:23 | Build | Mill |
| 8:06 | Create | Villager (Male) |
| 8:09 | Research | Feudal Age |
| 8:45 | Build | Farm |
| 8:49 | Build | Farm |
| 9:06 | Build | Farm |
| 9:44 | Build | House |
| 10:17 | Build | Barracks |
| 10:19 | Age | Feudal Age |
| 10:19 | Build | House |
| 10:23 | Create | Villager (Male) |
| 10:23 | Create | Villager (Male) |
| 10:41 | Build | House |
| 10:47 | Create | Villager (Male) |
| 11:03 | Build | House |
| 11:11 | Build | Palisade Wall |
| 11:15 | Build | House |
| 11:18 | Build | House |
| 11:20 | Build | House |
| 11:27 | Build | Palisade Wall |
| 11:31 | Create | Villager (Male) |
| 11:40 | Create | Villager (Male) |
| 11:57 | Create | Villager (Male) |
| 12:24 | Build | Archery Range |
| 12:30 | Create | Villager (Male) |
| 12:42 | Build | Farm |
| 12:48 | Build | Farm |
| 12:57 | Build | Farm |
| 12:57 | Build | Farm |
| 12:58 | Build | Farm |
| 13:07 | Build | Farm |
| 13:20 | Create | Villager (Male) |
| 13:21 | Create | Villager (Male) |
| 13:25 | Research | Double-Bit Axe |
| 13:28 | Research | Horse Collar |
| 13:40 | Build | House |
| 14:03 | Build | Lumber Camp |
| 14:14 | Build | Watch Tower |
| 14:22 | Create | Villager (Male) |
| 14:23 | Create | Villager (Male) |
| 14:33 | Create | Archer |
| 14:33 | Create | Skirmisher |
| 14:34 | Create | Skirmisher |
| 14:37 | Create | Archer |
| 14:37 | Create | Archer |
| 14:47 | Build | Mining Camp |
| 14:53 | Build | Palisade Wall |
| 14:54 | Build | Palisade Wall |
| 14:55 | Build | Palisade Wall |
| 14:57 | Build | Palisade Wall |
| 15:14 | Create | Villager (Male) |
| 15:15 | Create | Villager (Male) |
| 15:36 | Create | Villager (Male) |
| 15:51 | Create | Skirmisher |
| 15:53 | Create | Skirmisher |
| 16:06 | Create | Villager (Male) |
| 16:10 | Build | Farm |
| 16:16 | Build | Farm |
| 16:16 | Build | Farm |
| 16:17 | Build | Farm |
| 16:17 | Build | Farm |
| 16:24 | Build | Farm |
| 16:36 | Create | Skirmisher |
| 16:37 | Create | Archer |
| 17:19 | Create | Villager (Male) |
| 17:19 | Create | Villager (Male) |
| 17:43 | Create | Archer |
| 19:15 | Create | Villager (Male) |
| 19:15 | Create | Villager (Male) |
| 19:15 | Create | Villager (Male) |
| 19:16 | Create | Villager (Male) |
| 20:10 | Create | Archer |
| 20:11 | Create | Archer |
| 20:16 | Create | Villager (Male) |
| 20:18 | Research | Gold Mining |
| 20:22 | Create | Villager (Male) |
| 20:22 | Create | Villager (Male) |
| 21:10 | Build | Palisade Wall |
| 21:17 | Build | Blacksmith |
| 21:20 | Build | House |
| 21:32 | Build | House |
| 21:34 | Build | House |
| 21:52 | Research | Castle Age |
| 22:02 | Research | Stone Mining |
| 22:18 | Build | Mining Camp |
| 22:34 | Build | Palisade Wall |
| 22:39 | Build | House |
| 22:45 | Build | Market |
| 22:56 | Build | Gate |
| 23:07 | Create | Villager (Male) |
| 23:07 | Create | Villager (Male) |
| 23:22 | Build | Stable |
| 23:34 | Build | Archery Range |
| 23:52 | Build | House |
| 24:02 | Build | Farm |
| 24:02 | Build | Farm |
| 24:02 | Build | Farm |
| 24:03 | Build | Farm |
| 24:14 | Create | Villager (Male) |
| 24:19 | Research | Fletching |
| 24:20 | Research | Padded Archer Armor |
| 24:23 | Research | Scale Mail Armor |
| 24:26 | Research | Forging |
| 24:50 | Age | Castle Age |
| 25:03 | Create | Scout Cavalry |
| 25:03 | Create | Scout Cavalry |
| 25:04 | Create | Scout Cavalry |
| 25:11 | Research | Husbandry |
| 25:11 | Research | Bloodlines |
| 25:22 | Build | Lumber Camp |
| 25:24 | Create | Villager (Male) |
| 25:39 | Build | Town Center |
| 25:56 | Build | Town Center |
| 26:05 | Research | Thumb Ring |
| 26:06 | Research | Elite Skirmisher (upgrade) |
| 26:14 | Create | Archer |
| 26:14 | Create | Skirmisher |
| 26:15 | Create | Archer |
| 26:16 | Create | Skirmisher |
| 26:19 | Create | Archer |
| 26:19 | Create | Skirmisher |
Build order — XxjesulizxX
First 150 of 366 actions detected
| 0:04 | Research | Loom |
| 0:12 | Build | House |
| 0:22 | Create | Villager (Male) |
| 0:22 | Create | Villager (Male) |
| 0:22 | Create | Villager (Male) |
| 0:22 | Create | Villager (Male) |
| 0:23 | Create | Villager (Male) |
| 0:23 | Create | Villager (Male) |
| 0:57 | Build | House |
| 1:29 | Build | House |
| 1:35 | Create | Villager (Male) |
| 1:35 | Create | Villager (Male) |
| 2:05 | Build | Mill |
| 2:17 | Create | Villager (Male) |
| 2:53 | Create | Villager (Male) |
| 3:23 | Create | Villager (Male) |
| 3:47 | Create | Villager (Male) |
| 4:01 | Create | Villager (Male) |
| 4:19 | Build | Lumber Camp |
| 4:26 | Create | Villager (Male) |
| 4:52 | Create | Villager (Male) |
| 5:09 | Build | House |
| 5:24 | Create | Villager (Male) |
| 5:43 | Create | Villager (Male) |
| 6:08 | Create | Villager (Male) |
| 6:36 | Create | Villager (Male) |
| 6:57 | Create | Villager (Male) |
| 7:32 | Create | Villager (Male) |
| 7:45 | Create | Villager (Male) |
| 8:11 | Research | Feudal Age |
| 8:32 | Build | House |
| 8:34 | Build | House |
| 8:40 | Build | House |
| 9:45 | Build | Mining Camp |
| 10:34 | Age | Feudal Age |
| 10:38 | Research | Wheelbarrow |
| 10:41 | Research | Double-Bit Axe |
| 10:44 | Research | Horse Collar |
| 10:53 | Build | Barracks |
| 10:58 | Build | Blacksmith |
| 11:04 | Create | Villager (Male) |
| 11:05 | Create | Villager (Male) |
| 11:05 | Create | Villager (Male) |
| 11:05 | Create | Villager (Male) |
| 11:15 | Build | Farm |
| 11:21 | Build | Farm |
| 11:24 | Build | Farm |
| 11:47 | Research | Gold Mining |
| 11:57 | Create | Villager (Male) |
| 11:57 | Create | Villager (Male) |
| 12:55 | Build | Archery Range |
| 13:13 | Build | Farm |
| 13:15 | Build | Farm |
| 13:35 | Create | Villager (Male) |
| 13:36 | Create | Villager (Male) |
| 13:36 | Create | Villager (Male) |
| 13:36 | Create | Villager (Male) |
| 13:36 | Create | Villager (Male) |
| 13:37 | Create | Villager (Male) |
| 13:42 | Build | Farm |
| 13:49 | Build | Farm |
| 14:01 | Build | Farm |
| 14:18 | Build | Farm |
| 14:32 | Build | Farm |
| 14:43 | Build | Farm |
| 14:48 | Build | Farm |
| 14:59 | Build | Farm |
| 15:18 | Build | Farm |
| 15:42 | Build | Farm |
| 16:06 | Build | Farm |
| 16:19 | Create | Villager (Male) |
| 16:20 | Create | Villager (Male) |
| 16:39 | Build | Farm |
| 16:58 | Build | Farm |
| 17:17 | Create | Villager (Male) |
| 17:23 | Build | Farm |
| 17:38 | Research | Castle Age |
| 17:43 | Create | Archer |
| 17:43 | Create | Archer |
| 17:43 | Create | Archer |
| 17:44 | Create | Archer |
| 17:48 | Create | Spearman |
| 17:48 | Create | Spearman |
| 17:49 | Create | Spearman |
| 18:08 | Build | House |
| 18:09 | Build | House |
| 18:11 | Build | House |
| 18:15 | Create | Spearman |
| 18:16 | Create | Spearman |
| 18:16 | Create | Spearman |
| 18:16 | Create | Spearman |
| 18:19 | Research | Scale Mail Armor |
| 19:01 | Research | Forging |
| 19:17 | Research | Padded Archer Armor |
| 19:41 | Build | Farm |
| 19:46 | Research | Fletching |
| 20:02 | Create | Archer |
| 20:02 | Create | Archer |
| 20:05 | Create | Spearman |
| 20:05 | Create | Spearman |
| 20:23 | Age | Castle Age |
| 20:27 | Research | Pikeman (upgrade) |
| 20:28 | Research | Pikeman (upgrade) |
| 20:31 | Research | Crossbowman (upgrade) |
| 20:32 | Create | Elephant Archer |
| 20:55 | Build | Town Center |
| 21:06 | Create | Villager (Male) |
| 21:06 | Create | Villager (Male) |
| 21:06 | Create | Villager (Male) |
| 21:42 | Build | Town Center |
| 21:52 | Build | Farm |
| 22:12 | Build | House |
| 22:13 | Build | House |
| 22:15 | Build | House |
| 22:18 | Build | House |
| 22:21 | Build | House |
| 22:32 | Research | Hand Cart |
| 22:36 | Research | Bow Saw |
| 22:41 | Create | Archer |
| 22:42 | Create | Archer |
| 22:42 | Create | Archer |
| 22:52 | Create | Spearman |
| 22:53 | Create | Spearman |
| 22:53 | Create | Spearman |
| 23:10 | Build | Farm |
| 23:42 | Create | Villager (Male) |
| 23:42 | Create | Villager (Male) |
| 23:42 | Create | Villager (Male) |
| 23:47 | Create | Villager (Male) |
| 23:47 | Create | Villager (Male) |
| 23:47 | Create | Villager (Male) |
| 23:47 | Create | Villager (Male) |
| 23:48 | Research | Town Watch |
| 24:09 | Create | Archer |
| 24:10 | Create | Archer |
| 24:22 | Research | Town Watch |
| 24:25 | Create | Villager (Male) |
| 24:26 | Create | Villager (Male) |
| 24:26 | Create | Villager (Male) |
| 24:31 | Create | Villager (Male) |
| 24:31 | Create | Villager (Male) |
| 24:31 | Create | Villager (Male) |
| 24:32 | Create | Villager (Male) |
| 24:32 | Create | Villager (Male) |
| 24:51 | Create | Villager (Male) |
| 25:11 | Create | Villager (Male) |
| 25:12 | Create | Villager (Male) |
| 25:15 | Create | Villager (Male) |
| 25:16 | Create | Villager (Male) |
| 25:26 | Build | Market |
Match timeline
| 10:17 | Kökük · first_building Barracks |
| 10:19 | Kökük · age_up feudal |
| 10:34 | XxjesulizxX · age_up feudal |
| 10:53 | XxjesulizxX · first_building Barracks |
| 11:11 | Kökük · wall_segment Palisade Wall x1 |
| 11:27 | Kökük · wall_segment Palisade Wall x2 |
| 12:24 | Kökük · first_building Archery Range |
| 12:55 | XxjesulizxX · first_building Archery Range |
| 14:53 | Kökük · wall_segment Palisade Wall x1 |
| 14:54 | Kökük · wall_segment Palisade Wall x1 |
| 14:55 | Kökük · wall_segment Palisade Wall x1 |
| 14:57 | Kökük · wall_segment Palisade Wall x1 |
| 20:23 | XxjesulizxX · age_up castle |
| 21:10 | Kökük · wall_segment Palisade Wall x2 |
| 22:34 | Kökük · wall_segment Palisade Wall x1 |
| 23:22 | Kökük · first_building Stable |
| 24:50 | Kökük · age_up castle |
| 29:24 | Kökük · first_building Castle |
| 30:22 | XxjesulizxX · first_building Monastery |
| 31:09 | XxjesulizxX · first_building Castle |
| 32:23 | Kökük · first_building Siege Workshop |
| 35:12 | XxjesulizxX · age_up imperial |
| 40:41 | Kökük · resign |
[ AI ANALYSIS · 1 CREDIT ]
What really happened in this match?
Wolo.gg analyzes every decision: build order, eco, micro, common mistakes by bracket. Personalized analysis on WhatsApp or Discord in 30 seconds.
Civ guide
Spanish
Perfil
Jugador #21637627